Map: Parasitismo LE

Players

Vicster

  • Race: Terran Terran
  • League: Gold
  • Spawn Location: 11:00

Dyfrag - Winner!

  • Race: Terran Terran
  • League: Gold
  • Spawn Location: 5:00

VOD

Have the link to the VOD?

Description

Time

  • Played on: Jan. 9, 2019, 3:21 p.m.
  • Length: 10:50
Show
View Real Time Build Order
Export as new Build Order

Vicster Terran 

Build Orders: 1/1/1 

Get SALT Encoding   

  12  0:02  SCV  
  13  0:14  SCV  
  13  0:18  Supply Depot  
  14  0:26  SCV  
  15  0:39  SCV  
  16  0:43  Barracks  
  16  0:47  Refinery  
  16  0:51  SCV  
  16  0:57  Refinery  
  17  1:04  SCV  
  18  1:16  SCV  
  19  1:29  Orbital Command  
  19  1:35  Factory  
  19  1:36  Marine  
  20  1:50  Supply Depot  
  20  1:54  Marine, SCV  
  22  2:06  SCV  
  23  2:12  Marine  
  24  2:18  SCV, Hellion  
  27  2:24  Starport  
  27  2:31  SCV  
  27  2:35  Marine  
  29  2:42  Supply Depot  
  29  2:43  SCV  
  30  2:45  Factory Tech Lab  
  30  2:55  SCV  
  31  3:05  Starport Tech Lab  
  31  3:06  Supply Depot  
  31  3:07  SCV  
  31  3:11  Cyclone  
  35  3:19  SCV  
  36  3:30  Engineering Bay  
  36  3:31  SCV  
  37  3:38  Command Center  
  37  3:43  Raven  
  39  3:50  Siege Tank  
  39  3:53  Barracks Reactor  
  39  3:55  SCV  
  43  4:00  Supply Depot  
  43  4:04  Terran Infantry Weapons Level 1  
  43  4:08  SCV  
  44  4:20  SCV  
  45  4:25  Barracks  
  45  4:30  Barracks  
  45  4:33  SCV, Supply Depot  
  45  4:38  Missile Turret  
  46  4:40  Marine  
  47  4:51  Orbital Command  
  47  5:00  Supply Depot  
  47  5:08  Siege Tank  
  47  5:09  Marine x2  
  52  5:14  Barracks  
  52  5:15  Starport Reactor  
  52  5:18  SCV  
  52  5:19  SCV  
  54  5:26  Refinery  
  54  5:29  Refinery  
  54  5:30  SCV  
  54  5:31  SCV  
  54  5:32  Missile Turret  
  54  5:34  Barracks Reactor  
  56  5:36  Barracks Reactor  
  56  5:42  SCV  
  57  5:44  Siege Tank  
  57  5:45  Marine  
  61  5:52  SCV  
  61  5:54  SCV  
  63  6:00  Terran Infantry Armor Level 1  
  63  6:03  Stimpack  
  63  6:04  SCV  
  63  6:05  Marine x2  
  66  6:11  SCV  
  66  6:15  Marine  
  66  6:16  Marine x4  
  72  6:23  Marine x2  
  72  6:24  Armory  
  74  6:32  Command Center  
  74  6:36  SCV x2  
  76  6:40  Marine  
  77  6:48  SCV  
  75  7:16  SCV x2  
  75  7:17  Marine x2  
  79  7:28  SCV x2  
  81  7:34  Marine  
  81  7:35  Marine  
  82  7:40  SCV x2  
  81  7:52  Marine, SCV x2  
  81  7:53  Marine  
  73  8:10  Marine  
  73  8:11  Marine  
  61  8:25  Marine x2  
  35  8:43  Siege Tank  
  38  8:50  Medivac  
  38  8:51  Medivac  
  38  8:52  Combat Shield  
  38  8:53  Marine x2  
  38  8:54  Marine x5  
  47  9:11  Marine  
  45  9:26  Orbital Command  
  38  9:38  Marine x4  
  30  9:39  Marine x3  
  29  9:56  Marine x5  
  34  10:03  Marine x2  
  34  10:05  Siege Tank  
  34  10:06  Medivac x2  
  37  10:14  Marine x3  
  38  10:31  Refinery  
  37  10:38  Command Center  
Show
View Real Time Build Order
Export as new Build Order

Dyfrag Terran - Winner!

Build Orders: Gas First Reaper Expand 

Get SALT Encoding   

  12  0:01  SCV  
  13  0:15  Supply Depot  
  13  0:17  SCV  
  14  0:29  SCV  
  14  0:35  Refinery  
  15  0:41  Barracks  
  15  0:45  SCV  
  16  0:58  SCV  
  17  1:10  SCV  
  18  1:22  SCV  
  19  1:28  Reaper  
  20  1:35  Orbital Command  
  20  1:47  Command Center  
  20  1:57  Factory  
  20  2:07  SCV  
  21  2:13  Barracks Reactor  
  21  2:19  SCV  
  22  2:24  Supply Depot  
  22  2:32  SCV  
  23  2:42  Barracks  
  23  2:43  Factory Tech Lab  
  23  2:45  SCV  
  23  2:47  Supply Depot  
  23  2:51  Marine x2  
  25  2:57  Refinery  
  25  2:58  SCV  
  27  3:01  Orbital Command  
  27  3:10  Marine x2  
  29  3:13  Siege Tank  
  32  3:23  SCV  
  33  3:27  Marine, SCV  
  33  3:28  Marine  
  33  3:31  Barracks Tech Lab  
  36  3:40  SCV  
  37  3:45  Starport  
  37  3:47  Marine x2  
  39  3:50  Widow Mine  
  39  3:54  SCV  
  42  3:56  SCV  
  43  4:05  Marine x2, Marauder  
  47  4:11  SCV  
  47  4:12  Widow Mine  
  50  4:23  Marine x2, SCV  
  50  4:24  Barracks  
  53  4:26  Combat Shield  
  53  4:32  Supply Depot  
  53  4:44  Marine  
  54  4:51  Marine, Marauder, SCV, Medivac  
  60  4:55  Supply Depot  
  60  5:00  Siege Tank  
  60  5:03  Marine, SCV  
  65  5:08  Marine  
  65  5:09  SCV  
  67  5:15  SCV, Barracks Reactor  
  67  5:17  Engineering Bay  
  67  5:20  Marine  
  69  5:22  Supply Depot  
  69  5:26  Marine  
  69  5:27  SCV  
  69  5:28  Medivac  
  73  5:38  Marine  
  73  5:39  SCV  
  75  5:44  Marine  
  75  5:48  Stimpack  
  76  5:55  Marine x2  
  76  5:56  Marine  
  79  6:02  Marine, Bunker  
  80  6:05  Supply Depot  
  80  6:06  SCV  
  80  6:08  SCV  
  82  6:13  Marine x2  
  82  6:14  Marine  
  85  6:21  SCV  
  85  6:23  Siege Tank  
  85  6:24  Refinery  
  89  6:29  Marine, Supply Depot  
  89  6:31  Marine x2, Marauder  
  89  6:32  Marine  
  95  6:37  Supply Depot  
  95  6:47  Marine  
  95  6:49  Marine x3  
  95  6:51  Supply Depot  
  95  6:53  Marauder  
  101  7:06  Supply Depot  
  101  7:07  Marine x2  
  103  7:14  Marauder  
  103  7:15  Supply Depot  
  105  7:22  Liberator  
  105  7:24  Marine  
  105  7:35  Supply Depot  
  108  7:49  SCV  
  109  7:51  Supply Depot  
  109  7:56  Command Center  
  109  8:05  Liberator  
  95  8:39  Marine x2  
  95  8:40  Marine x2  
  99  8:42  Marauder  
  101  8:57  Marine x2  
  101  8:58  Marine x2  
  101  9:03  Marauder  
  100  9:14  Marine x2  
  100  9:16  Marine x2  
  98  9:25  Marauder  
  91  9:32  Marine x2  
  91  9:33  Marine  
  91  9:34  Marine  
  80  9:45  Siege Tank  
  83  10:05  Marine x2  
  83  10:17  Siege Tank  
  83  10:23  Marine x2  
  83  10:25  Marine  
  83  10:27  Marine x2  
Tags
 
Add a new tag
Caveats
  • Supply blocks, unpowered buildings, or Contaminate may cause inaccurate times.
  • Supply counts are checked every 10 seconds.